AoeStats
← KaLong

Oasis

508318652Analyzed
4v4 RM · 10d ago on Sep 21, 2026· 33m 28s· 8 players
Game mode
Random Map
Map size
Large (8 player)
Population
200
Speed
Normal
Resources
Standard
Victory
Conquest
Starting age
Dark Age
Ending age
Imperial Age
RankedLock teamsTeams togetherTeam positionsShared explorationLock speedFull tech treeHidden civsTurbo modeCheats
Victory
Defeat
🇧🇷 Britons · Brazil
1648
+9
🇧🇷 Franks · Brazil
1638
+10
🇧🇷 Ethiopians · Brazil
1405
+19
🇧🇷 Bulgarians · Brazil
1232
+26
🇺🇸 Cumans · United States
1525
-18
🇨🇦 Persians · Canada
1472
-16
🇦🇷 Turks · Argentina
1460
-15
🇨🇦 Mongols · Canada
1450
-15
[LCDR] Alone
6:36 Loom
9:18 Feudal Age
9:47 Double-Bit Axe
11:29 Forging
17:17 Scale Barding Armor
21:33 Castle Age
19:55 Gold Mining
22:57 Chain Barding Armor
22:42 Husbandry
24:01 Iron Casting
GAX | BiduZera
6:11 Loom
8:42 Feudal Age
17:30 Double-Bit Axe
27:12 Castle Age
25:40 Fletching
26:10 Gold Mining
27:49 Bodkin Arrow
28:09 Crossbowman
30:41 Ballistics
32:46 Padded Archer Armor
[LCDR]->GOG
5:17 Loom
10:03 Feudal Age
18:45 Scale Barding Armor
22:38 Gold Mining
25:16 Castle Age
24:07 Bloodlines
23:50 Double-Bit Axe
23:56 Gold Mining
25:56 Husbandry
26:13 Forging
25:49 Pikeman
28:53 Chain Barding Armor
30:37 Scale Mail Armor
32:47 Gold Shaft Mining
[LCDR]Hilstinho
6:00 Loom
9:18 Feudal Age
17:04 Padded Archer Armor
18:16 Fletching
22:38 Castle Age
21:11 Double-Bit Axe
22:45 Gold Mining
22:41 Crossbowman
23:17 Bodkin Arrow
27:46 Bow Saw
29:18 Leather Archer Armor
32:12 Thumb Ring
33:29 Ballistics
championqc82
7:50 Loom
10:22 Feudal Age
10:44 Double-Bit Axe
11:37 Wheelbarrow
12:11 Wheelbarrow
15:29 Bloodlines
17:08 Forging
17:56 Scale Barding Armor
24:28 Castle Age
22:34 Horse Collar
24:55 Husbandry
24:17 Light Cavalry
25:08 Bow Saw
26:20 Iron Casting
28:24 Gold Mining
32:43 Hand Cart
33:24 Gold Shaft Mining
KaLong
6:01 Loom
9:07 Feudal Age
11:35 Double-Bit Axe
15:31 Fletching
18:41 Wheelbarrow
24:05 Castle Age
22:29 Horse Collar
24:20 Padded Archer Armor
24:09 Crossbowman
24:54 Thumb Ring
25:34 Bodkin Arrow
26:39 Padded Archer Armor
28:38 Ballistics
29:09 Leather Archer Armor
32:07 Gold Mining
Schvank
5:28 Loom
8:08 Feudal Age
13:33 Double-Bit Axe
21:10 Castle Age
21:31 Bloodlines
23:25 Scale Barding Armor
23:43 Bow Saw
24:36 Wheelbarrow
27:20 Chain Barding Armor
28:14 Forging
ZarckNogh
7:09 Loom
12:47 Feudal Age
19:04 Castle Age
Connection lost

Rejoining the realm…

Still unreachable

The connection could not be restored.

Session expired

The server has moved on; the page needs a fresh start.